 Dungeon Crawl Stone Soup version 0.26.0-18-gc5c842f807 (webtiles) character file.

Game seed: 15194872051038223899

4467 teolandon225 the Covert (level 10, -1/44 HPs)
             Began as a Spriggan Enchanter on Jan 22, 2021.
             Was a Believer of Dithmenos.
             Killed by the air
             ... invoked by Gastronok
              (25 damage)
             ... on level 7 of the Dungeon.
             The game lasted 00:32:28 (18073 turns).

teolandon225 the Covert (Spriggan Enchanter)       Turns: 18073, Time: 00:32:28

Health: -1/44      AC:  3    Str:  4    XL:     10   Next: 15%
Magic:  0/15       EV: 25    Int: 20    God:    Dithmenos [**....]
Gold:   309        SH:  0    Dex: 17    Spells: 3/14 levels left

rFire    . . .     SeeInvis +   a - +3 dagger
rCold    . . .     Faith    .   (shield restricted)
rNeg     + . .     Spirit   +   e - +0 robe
rPois    .         Reflect  .   (helmet restricted)
rElec    .         Harm     .   q - +0 cloak
rCorr    .         Rampage  .   (gloves unavailable)
Will     +....                  (boots unavailable)
Stlth    +++++++...             G - amulet of guardian spirit
HPRegen  0.14/turn              c - ring of positive energy
MPRegen  0.14/turn              (no ring)

@: wreathed by umbra, very quick
A: very small, unfitting armour, see invisible, speed 3
a: Renounce Religion, Shadow Step


You were on level 7 of the Dungeon.
You worshipped Dithmenos.
Dithmenos was pleased with you.
You visited 2 branches of the dungeon, and saw 9 of its levels.

You collected 503 gold pieces.
You spent 194 gold pieces at shops.

Inventory:

Hand Weapons
 a - a +3 dagger (weapon)
 b - a +0 hunting sling
 E - a +1 dagger
Missiles
 j - 272 stones (quivered)
 H - 33 sling bullets
Armour
 e - a +0 robe (worn)
 q - a +0 cloak (worn)
Jewellery
 c - a ring of positive energy (left hand)
 z - an uncursed ring of resist corrosion {unknown}
 G - an amulet of guardian spirit (around neck)
 J - an uncursed amulet of magic regeneration
Wands
 w - a wand of paralysis (16)
 x - a wand of flame (41)
 A - a wand of acid (7)
 C - a wand of random effects (10)
Scrolls
 d - 9 scrolls of remove curse
 f - 2 scrolls of fog {unknown}
 g - 2 scrolls of amnesia
 m - 2 scrolls of fear {unknown}
 n - a scroll of enchant armour {unknown}
 p - a scroll of random uselessness {unknown}
 r - 4 scrolls of teleportation
 s - a scroll of blinking
 t - a scroll of enchant weapon {unknown}
 v - 7 scrolls of identify
 y - a scroll of brand weapon {unknown}
 I - a scroll of acquirement {unknown}
Potions
 h - a potion of haste
 i - 4 potions of curing
 k - 3 potions of attraction
 l - a potion of resistance
 o - a potion of ambrosia {unknown}
 u - 3 potions of invisibility
 B - a potion of lignification {unknown}
 D - a potion of magic {unknown}
 F - a potion of cancellation {unknown}
 K - 2 potions of might {unknown}


   Skills:
 - Level 1.1 Short Blades
 - Level 5.0 Slings
 + Level 9.6 Dodging
 * Level 13.9 Stealth
 - Level 2.6 Spellcasting
 * Level 11.2 Hexes


You had 3 spell levels left.
You knew the following spells:

 Your Spells              Type           Power        Failure   Level
e - Tukima's Dance        Hex            47%          1%          3
q - Ensorcelled Hibernat  Hex/Ice        50%          2%          2
r - Dazzling Flash        Conj/Hex       50%          4%          3
w - Confusing Touch       Hex            47%          1%          3

Your spell library contained the following spells:

 Spells                   Type           Power        Failure   Level
 Corona                   Hex            52%          1%          1


Dungeon Overview and Level Annotations

Branches:
Dungeon (8/15)             Temple (1/1) D:5
   Lair: D:8-11

Altars:
Ashenzari
Dithmenos
Elyvilon
Fedhas
Gozag
Hepliaklqana
Kikubaaqudgha
Makhleb
Nemelex Xobeh
Okawaru
Qazlal
Ru
Trog
Uskayaw
Vehumet
Xom
Yredelemnul
Zin
The Shining One

Shops:
D:4 ?   D:8 [

Annotations:
D:7 exclusion: downstairs, Gastronok
D:8 Harold


Innate Abilities, Weirdness & Mutations

You are very small and have problems with some larger weapons.
You are too small for most types of armour.
You have supernaturally acute eyesight. (SInv)
You cover ground extremely quickly.


Message History

Aim: Gastronok, wearing a +2 hat (chance to affect: 10%) Gastronok looks drowsy...
The helpless Gastronok fails to defend himself.
You stick Gastronok like a pincushion!!!
Gastronok is heavily wounded.
Casting: Ensorcelled Hibernation (safe; 2% risk of failure)
Confirm with . or Enter, or press ? or * to list all spells.
Aiming: Ensorcelled Hibernation (safe; 2% risk of failure)
Press: ? - help, Shift-Dir - straight line, f - you, p - Gastronok That would be overly suicidal.
Okay, then.
Unknown command.
Gastronok waves his eye-stalks in wide circles.
The air twists around and strikes you!!
There is a stone staircase leading up here.
Gastronok gurgles, "Are you a wizard?
Wizards taste nice..."
Gastronok waves his eye-stalks in wide circles.
The air twists around and strikes you!!
Ouch! That really hurt!
You die...

,,,,*#.......,* *,,,,,,,,****,,,,
,,,,**......#** *,,,,,,,,* *,,,,
,,,,**#.....# *,,,,,,,,* *,,,,
,,,,* #...).#####,,,,,,,,*****,,,
..,,* #.)<.......,,,,,,,,,,,,,,,,
....###..>.......,,,,),,,,,,,,,,,
,.....'...##+####****[*****,,,,,,
*#'####.........## *[* **'*****
#.####.........@# *.## *,,,*
#....#..........# *..###,,,*
##.......###'###.####...),,,,*
##.......'.............##**'*****
##.......###.###.........[),*,,,,
.........# #.# ##....#.##*.#.....
.#.###...###'#* #w...#.###.......
.#'####.......* #...[....#,..(.)[
#.............* ##...#####,......


You could see Gastronok.

Vanquished Creatures
  Pikel (D:7)
  Joseph (D:7)
  Maggie (D:8)
  Grinder (D:4)
  Menkaure (D:4)
  Duvessa (D:4)
  An orc warrior (D:6)
  2 ice beasts
  2 sky beasts (D:6)
  3 ogres
  2 wolves (D:8)
  4 centaurs
  4 lemures (D:6)
  Blork the orc (D:5)
  4 scorpions
  2 water moccasin skeletons (D:7)
  Dowan (D:4)
  3 howler monkeys (D:8)
  8 wights
  A bullfrog zombie (D:7)
  4 orc wizards
  A centaur zombie (D:7)
  2 hounds
  4 orc priests
  Crazy Yiuf (D:2)
  Jessica (D:2)
  An iguana (D:4)
  3 worker ants
  A hound zombie (D:6)
  A hound skeleton (D:7)
  Robin (D:2)
  4 gnolls (D:5)
  9 adders
  A shadow imp (D:8)
  2 white imps
  An ufetubus (D:8)
  An ooze (D:4)
  An adder zombie (D:6)
  An adder skeleton (D:6)
  5 worms
  2 dart slugs
  3 leopard geckos
  29 orcs
  7 bats
  5 giant cockroaches
  14 goblins
  10 hobgoblins
  8 jackals
  5 quokkas
  6 frilled lizards
  11 kobolds
  3 rats
  2 butterflies (D:5)
194 creatures vanquished.

Vanquished Creatures (collateral kills)
  6 wights
  2 orcs (D:6)
8 creatures vanquished.

Vanquished Creatures (others)
  4 dancing weapons
  A bush (D:8)
5 creatures vanquished.

Grand Total: 207 creatures vanquished

Notes
Turn   | Place    | Note
-------+----------+-------------------------------------------
     0 | D:1      | teolandon225 the Spriggan Enchanter began the quest for the
                  | Orb.
     0 | D:1      | Reached XP level 1. HP: 9/9 MP: 5/5
   931 | D:1      | Reached XP level 2. HP: 11/13 MP: 6/6
  1083 | D:1      | Learned a level 2 spell: Ensorcelled Hibernation
  1435 | D:2      | Reached skill level 5 in Stealth
  2010 | D:2      | Reached XP level 3. HP: 16/16 MP: 0/8
  2088 | D:2      | Found a bloodstained altar of Trog.
  2267 | D:2      | Reached skill level 6 in Stealth
  2267 | D:2      | Reached XP level 4. HP: 21/21 MP: 4/9
  2884 | D:2      | Noticed Jessica
  3026 | D:2      | Noticed Robin
  3304 | D:2      | Killed Robin
  3305 | D:2      | Reached skill level 5 in Hexes
  3972 | D:2      | Reached XP level 5. HP: 24/24 MP: 3/10
  4143 | D:2      | Found a runed translucent door.
  4144 | D:2      | Noticed Crazy Yiuf
  4278 | D:2      | Killed Jessica
  4557 | D:2      | Killed Crazy Yiuf
  4558 | D:2      | Reached skill level 1 in Slings
  4558 | D:2      | Reached skill level 7 in Stealth
  4610 | D:3      | Learned a level 3 spell: Confusing Touch
  4614 | D:3      | Learned a level 3 spell: Tukima's Dance
  4817 | D:3      | Found an ancient bone altar of Kikubaaqudgha.
  5961 | D:4      | Found a radiant altar of Vehumet.
  6019 | D:4      | Found Boalem's Magic Scroll Boutique.
  6022 | D:4      | Bought a scroll of identify for 26 gold pieces
  6022 | D:4      | Bought a scroll of identify for 26 gold pieces
  6022 | D:4      | Bought a scroll of blinking for 97 gold pieces
  6022 | D:4      | Bought a scroll of magic mapping for 45 gold pieces
  6040 | D:4      | Noticed Menkaure
  6280 | D:4      | Killed Menkaure
  6281 | D:4      | Reached XP level 6. HP: 28/28 MP: 8/11
  6433 | D:4      | Found a sparkling altar of Nemelex Xobeh.
  6462 | D:4      | Reached skill level 5 in Dodging
  6605 | D:4      | Noticed Dowan
  6606 | D:4      | Noticed Duvessa
  6619 | D:4      | Killed Dowan
  6620 | D:4      | Reached skill level 8 in Stealth
  6926 | D:4      | Found a sacrificial altar of Ru.
  6970 | D:4      | Noticed Grinder
  7327 | D:4      | Paralysed by Grinder for 3 turns
  7492 | D:4      | Killed Grinder
  7493 | D:4      | Reached XP level 7. HP: 24/32 MP: 9/12
  7498 | D:4      | Learned a level 3 spell: Dazzling Flash
  8540 | D:4      | Killed Duvessa
  8541 | D:4      | Reached skill level 9 in Stealth
  8767 | D:5      | Entered Level 5 of the Dungeon
  8796 | D:5      | Noticed Blork the orc
  8803 | D:5      | Killed Blork the orc
  8866 | D:5      | Found a staircase to the Ecumenical Temple.
  8876 | Temple   | Entered the Ecumenical Temple
  8905 | Temple   | Became a worshipper of Dithmenos the Shadowed
  9252 | D:5      | Reached XP level 8. HP: 36/36 MP: 13/13
  9460 | D:5      | Reached skill level 10 in Stealth
  9742 | D:5      | You fall into a shaft and drop 3 floors!
  9743 | D:8      | Noticed Harold
 10270 | D:7      | Found an opulent altar of Gozag.
 10830 | D:6      | Reached skill level 11 in Stealth
 11264 | D:6      | Reached XP level 9. HP: 17/39 MP: 11/14
 11786 | D:6      | Reached * piety under Dithmenos
 12273 | D:7      | Noticed Pikel
 12521 | D:6      | Reached skill level 5 in Slings
 13663 | D:7      | Reached skill level 12 in Stealth
 13872 | D:7      | Killed Pikel
 13873 | D:7      | Reached skill level 10 in Hexes
 14408 | D:7      | Noticed Joseph
 15088 | D:7      | Killed Joseph
 15089 | D:7      | Reached skill level 13 in Stealth
 15720 | D:8      | Reached ** piety under Dithmenos
 16017 | D:8      | Noticed Maggie
 16023 | D:8      | Noticed a troll
 16326 | D:8      | Found a basalt altar of Yredelemnul.
 16756 | D:8      | Killed Maggie
 16757 | D:8      | Reached XP level 10. HP: 44/44 MP: 12/15
 16813 | D:8      | Found Fathay's Armour Boutique.
 16909 | D:8      | Found a shimmering altar of Xom.
 17264 | D:8      | Noticed Gastronok
 17734 | D:7      | Found an opulent altar of Gozag.
 18073 | D:7      | Killed from afar by Gastronok

Illustrated notes

Levels and vault maps discovered:
D:1:      dpeg_arrival_boxes_within_box, layout_rooms
D:2:      layout_basic, lightli_temple_of_fire, uniq_jessica, uniq_robin,
          uniq_crazy_yiuf_cottage
D:3:      layout_loops_cross, kiku_gazebo_garden_becter,
          chequers_serial_rivers_small_a, minmay_unequal
D:4:      layout_loops_cross, old_standard_altar, kennysheep_mini_moat,
          serial_shops, kennysheep_mini, nemelex_dance_club_becter,
          uniq_duvessa, uniq_menkaure, uniq_grinder
D:5:      layout_loops_ring, minmay_temple_entry_butterflies, corner_web_ring,
          uniq_blork_the_orc
D:6:      layout_basic
D:7:      layout_basic, grunt_gozag_breadcrumbs, uniq_pikel, uniq_joseph
D:8:      layout_loops_ring, erik_lair_island, basic_altar, serial_shops,
          nicolae_shop_crystal, minivault_10, kb_lookout_dungeons_type,
          chequers_arboretum, roderic_serpentine_path, xom_shifter_show,
          uniq_gastronok, uniq_harold, uniq_maggie
Temple:   oiseaux_autumnal_temple

Skill      XL: |  1  2  3  4  5  6  7  8  9 |
---------------+----------------------------+-----
Hexes          | 4 5 6 7 9 11 | 11.2
Stealth        | 5 6 7 8 9 11 13 | 13.9
Dodging        | 4 5 6 7 9 |  9.6
Slings         | 1 2 3 4 5 |  5.0
Short Blades   | |  1.1
Spellcasting   | |  2.6

Action                   |  1- 3 |  4- 6 |  7- 9 | 10-12 || total
-------------------------+-------+-------+-------+-------++-------
Melee: Dagger            |    45 |   125 |   277 |    16 ||   463
       Hunting sling     |       |       |     1 |       ||     1
 Fire: Hunting sling     |    17 |    20 |   210 |    12 ||   259
Throw: Stone             |     5 |       |       |       ||     5
 Cast: Corona            |     3 |       |       |       ||     3
       Ensorcelled Hiber |    23 |    89 |   104 |    20 ||   236
       Confusing Touch   |       |     4 |    21 |     1 ||    26
       Tukima's Dance    |       |       |    22 |       ||    22
       Dazzling Flash    |       |       |     1 |       ||     1
  Use: Scroll            |       |    10 |     2 |       ||    12
       Potion            |       |       |     2 |       ||     2
 Stab: Sleeping          |    16 |    67 |    70 |     8 ||   161
       Confused          |       |     4 |    17 |       ||    21
       Distracted        |       |       |     1 |       ||     1
       Invisible         |       |       |     1 |       ||     1
Armor: Robe              |     6 |     6 |    12 |       ||    24
Dodge: Dodged            |    46 |   109 |   294 |    23 ||   472
